 Dungeon Crawl Stone Soup version 0.28.0 (webtiles) character file.

Game seed: 17234652632054510403

1133 Kranky the Archer (level 8, -5/58 HPs)
             Began as a Gnoll Wanderer on Feb 4, 2022.
             Was a Follower of Okawaru.
             Slain by Duvessa (7 damage)
             ... on level 5 of the Dungeon.
             The game lasted 00:12:21 (5293 turns).

Kranky the Archer (Gnoll Wanderer)                  Turns: 5293, Time: 00:12:24

Health: -5/58      AC:  8    Str: 15    XL:     8   Next: 36%
Magic:  12/12      EV: 10    Int: 10    God:    Okawaru [*.....]
Gold:   276        SH:  0    Dex: 12    Spells: 13/13 levels left

rFire   + . .      SeeInvis .   a - +2 shortbow
rCold   . . .      Faith    .   (shield currently unavailable)
rNeg    . . .      Spirit   .   A - +0 scale mail
rPois   .          Reflect  .   (no helmet)
rElec   .          Harm     .   f - +0 cloak
rCorr   .          Rampage  .   (no gloves)
Will    .....                   (no boots)
Stlth   +.........              r - amulet of regeneration
HPRegen 0.99/turn               t - ring of protection from fire
MPRegen 0.13/turn               (no ring)

@: no status effects
A: fangs 1, strong nose, distributed training
a: Renounce Religion, Heroism


You were on level 5 of the Dungeon.
You worshipped Okawaru.
Okawaru was aware of your devotion.
You visited 2 branches of the dungeon, and saw 6 of its levels.
You also visited: Sewer.

You collected 276 gold pieces.

Inventory:

Hand Weapons
 a - a +2 shortbow (weapon)
 j - a +1 vorpal hand axe
 l - a +1 antimagic mace
 z - a +1 dagger of venom
Missiles
 b - 47 arrows (quivered ammo)
Armour
 e - a +0 leather armour
 f - a +0 cloak (worn)
 A - a +0 scale mail (worn)
Jewellery
 r - an amulet of regeneration (around neck)
 t - a ring of protection from fire (left hand)
 B - a +6 ring of intelligence
Wands
 y - a wand of flame (22)
Scrolls
 i - a scroll of holy word {unknown}
 k - 2 scrolls of blinking {unknown}
 m - 2 scrolls of vulnerability {unknown}
 n - 5 scrolls of identify {unknown}
 u - a scroll of fear {unknown}
 v - 3 scrolls of teleportation {unknown}
 x - a scroll of fog {unknown}
 C - a scroll of silence {unknown}
Potions
 c - 2 potions of attraction
 g - a potion of might {unknown}
 h - 2 potions of heal wounds {unknown}
 o - a potion of magic {unknown}
 p - a potion of lignification {unknown}
 q - 4 potions of degeneration
 s - a potion of curing {unknown}
 w - 2 potions of flight
Miscellaneous
 d - a piece from Xom's chessboard (15/15)


   Skills:
 + Level 3.2 Fighting
 + Level 3.2 Short Blades
 + Level 3.2 Long Blades
 + Level 3.2 Axes
 + Level 3.2 Maces & Flails
 + Level 3.2 Polearms
 + Level 3.2 Staves
 + Level 3.2 Slings
 + Level 10.9 Bows
 + Level 3.2 Crossbows
 + Level 3.2 Throwing
 + Level 3.2 Armour
 + Level 3.2 Dodging
 + Level 4.0 Stealth
 + Level 3.2 Shields
 + Level 3.2 Unarmed Combat
 + Level 3.2 Spellcasting
 + Level 2.6 Conjurations
 + Level 2.6 Hexes
 + Level 2.6 Summonings
 + Level 2.6 Necromancy
 + Level 2.6 Translocations
 + Level 2.6 Transmutations
 + Level 2.6 Fire Magic
 + Level 2.6 Ice Magic
 + Level 2.6 Air Magic
 + Level 2.6 Earth Magic
 + Level 2.6 Poison Magic
 + Level 3.5 Invocations
 + Level 9.1 Evocations


You had 13 spell levels left.
You didn't know any spells.
Your spell library was empty.

Dungeon Overview and Level Annotations

Branches:
Dungeon (5/15)             Temple (1/1) D:4           Sewer (visited)

Altars:
Ashenzari
Cheibriados
Dithmenos
Elyvilon
Fedhas
Hepliaklqana
Kikubaaqudgha
Makhleb
Nemelex Xobeh
Okawaru
Qazlal
Ru
Trog
Vehumet
Wu Jian
Xom
Yredelemnul
Zin

Annotations:
D:5 Duvessa


Innate Abilities, Weirdness & Mutations

You have very sharp teeth.
Your uncanny sense of smell can sniff out nearby items.
Your experience applies equally to all skills.


Message History

b - 49 arrows (gained 1)
b - 50 arrows (gained 1)
b - 52 arrows (gained 2) Duvessa, Sister of Dowan comes into view.
She is wielding a +0 short sword and wearing a +0 leather armour of poison resistance.
You shoot an arrow.
Duvessa shouts!
The arrow hits Duvessa!
Duvessa is moderately wounded.
Duvessa goes berserk!
You shoot an arrow.
The arrow hits Duvessa but does no damage.
Duvessa is moderately wounded.
You shoot an arrow. The arrow hits Duvessa.
Duvessa is moderately wounded.
Duvessa hits you with a +0 short sword!
You shoot an arrow. The arrow hits Duvessa.
Duvessa is heavily wounded.
Duvessa hits you but does no damage.
You shoot an arrow. The arrow hits Duvessa.
Duvessa is heavily wounded.
Duvessa hits you with a +0 short sword!
Duvessa hits you with a +0 short sword!!
* * * LOW HITPOINT WARNING * * *
You are too injured to fight recklessly!
You are too injured to fight recklessly!
Okay, then.
Aiming: Throw Flame
Press: ? - help, Shift-Dir - straight line, f/p - Duvessa
Aim: Duvessa, wielding a +0 short sword and wearing a +0 leather armour of poison resistance (heavily wounded, berserk, 79% to hit)
The puff of flame hits Duvessa!
Duvessa is severely wounded.
Duvessa hits you but does no damage. Duvessa hits you with a +0 short sword!
* * * LOW HITPOINT WARNING * * *
Aiming: Throw Flame
Press: ? - help, Shift-Dir - straight line, f/p - Duvessa
Aim: Duvessa, wielding a +0 short sword and wearing a +0 leather armour of poison resistance (severely wounded, berserk, 79% to hit)
The puff of flame hits Duvessa.
Duvessa is almost dead.
Duvessa hits you with a +0 short sword!
You die...

##........####.##'#.### #...##
##..........# #....#.'.# #..##
##...###.....###...####.###..#
##...####..........## #.##..##
#...####..........## #....##
...####...###....## ###.##
..####...## #....# #(##
..###...## ##....# #.#
.......## ##.)..@## #.#
......## ##...##e.# #[#
.....## ##...####(..(.#
.....####...## #(....#
...........## ##...## ####
..........## ....# ###...
..........# ...$# #.....
...........# ###.. ##[....
#####..####.. ∆ #.# #..###.


You could see Duvessa (berserk).

Vanquished Creatures
  Sigmund (D:5)
  3 black bears
  An ogre (D:4)
  A phantom (D:5)
  A scorpion (D:4)
  Dowan (D:5)
  2 hounds (D:4)
  An iguana (D:3)
  An orc wizard (D:4)
  A hound skeleton (D:5)
  A howler monkey skeleton (D:5)
  14 adders
  4 river rats (Sewer)
  5 worms
  3 dart slugs
  8 orcs
  12 ball pythons
  14 bats
  8 endoplasms
  5 giant cockroaches
  4 goblins
  13 hobgoblins
  4 jackals (Sewer)
  7 kobolds
  7 quokkas
  7 frilled lizards
  4 rats
133 creatures vanquished.

Vanquished Creatures (others)
  4 toadstools (D:1)
4 creatures vanquished.

Grand Total: 137 creatures vanquished

Notes
Turn   | Place    | Note
-------+----------+-------------------------------------------
     0 | D:1      | Reached skill level 10 in Bows
     0 | D:1      | Kranky the Gnoll Wanderer began the quest for the Orb.
     0 | D:1      | Kranky set off with the following items: a +2 shortbow, 24
                  | arrows, a potion of attraction, a piece from Xom's
                  | chessboard (15/15), a +0 leather armour
     0 | D:1      | Reached XP level 1. HP: 13/13 MP: 1/1
   145 | D:1      | Reached XP level 2. HP: 19/19 MP: 2/2
   356 | D:1      | Reached XP level 3. HP: 25/25 MP: 3/3
   938 | D:2      | Reached skill level 1 in Invocations
   971 | D:2      | Reached skill level 1 in Fighting
   971 | D:2      | Reached skill level 1 in Short Blades
   971 | D:2      | Reached skill level 1 in Long Blades
   971 | D:2      | Reached skill level 1 in Axes
   971 | D:2      | Reached skill level 1 in Maces & Flails
   971 | D:2      | Reached skill level 1 in Polearms
   971 | D:2      | Reached skill level 1 in Staves
   971 | D:2      | Reached skill level 1 in Slings
   971 | D:2      | Reached skill level 1 in Crossbows
   971 | D:2      | Reached skill level 1 in Throwing
   971 | D:2      | Reached skill level 1 in Armour
   971 | D:2      | Reached skill level 1 in Dodging
   971 | D:2      | Reached skill level 1 in Shields
   971 | D:2      | Reached skill level 1 in Unarmed Combat
   971 | D:2      | Reached skill level 1 in Spellcasting
  1377 | D:3      | Found a faded altar of an unknown god.
  1379 | D:3      | Reached XP level 4. HP: 32/32 MP: 5/5
  1465 | D:3      | Reached skill level 1 in Conjurations
  1465 | D:3      | Reached skill level 1 in Hexes
  1465 | D:3      | Reached skill level 1 in Summonings
  1465 | D:3      | Reached skill level 1 in Necromancy
  1465 | D:3      | Reached skill level 1 in Translocations
  1465 | D:3      | Reached skill level 1 in Transmutations
  1465 | D:3      | Reached skill level 1 in Fire Magic
  1465 | D:3      | Reached skill level 1 in Ice Magic
  1465 | D:3      | Reached skill level 1 in Air Magic
  1465 | D:3      | Reached skill level 1 in Earth Magic
  1465 | D:3      | Reached skill level 1 in Poison Magic
  1657 | D:3      | Reached XP level 5. HP: 37/37 MP: 6/6
  2380 | D:4      | Noticed an ogre
  2410 | D:4      | Killed an ogre
  2411 | D:4      | Reached XP level 6. HP: 44/44 MP: 8/8
  2447 | D:4      | Noticed a black bear
  2452 | D:4      | Killed a black bear
  2520 | D:4      | Found a glowing drain.
  2524 | Sewer    | Entered a sewer
  2707 | Sewer    | Reached XP level 7. HP: 50/50 MP: 10/10
  3503 | D:4      | Found a staircase to the Ecumenical Temple.
  3586 | Temple   | Entered the Ecumenical Temple
  3798 | Temple   | Became a worshipper of Warmaster Okawaru
  4301 | D:5      | Entered Level 5 of the Dungeon
  4422 | D:5      | Reached * piety under Okawaru
  4917 | D:5      | Noticed Sigmund
  4951 | D:5      | Killed Sigmund
  4952 | D:5      | Reached XP level 8. HP: 58/58 MP: 12/12
  5264 | D:5      | Noticed Dowan
  5275 | D:5      | Killed Dowan
  5285 | D:5      | Noticed Duvessa
  5292 | D:5      | HP: 1/58 [Duvessa (12)]
  5293 | D:5      | Slain by Duvessa

Illustrated notes

Levels and vault maps discovered:
D:1:      ldierk_water_garden, layout_basic, amcnicky_mini_rare_corridor_liquid,
          minmay_tripent
D:2:      layout_basic, minmay_fractal_squares_5
D:3:      minmay_recursive_quarters, layout_loops_corners,
          nicolae_ecumenical_lake_church, chequers_garden
D:4:      layout_loops_ring, minmay_temple_entry_slanted, gup_sewer_entry_bowl
D:5:      nicolae_cairo_tiling_large, layout_layer_cave, uniq_sigmund,
          uniq_duvessa
Temple:   eino_narrow_crystal_temple

Skill      XL: |  1  2  3  4  5  6  7  8 |
---------------+-------------------------+-----
Bows           | | 10.9
Invocations    | 1 2 3 |  3.5
Fighting       | 1 2 3 |  3.2
Short Blades   | 1 2 3 |  3.2
Long Blades    | 1 2 3 |  3.2
Axes           | 1 2 3 |  3.2
Maces & Flails | 1 2 3 |  3.2
Polearms       | 1 2 3 |  3.2
Staves         | 1 2 3 |  3.2
Slings         | 1 2 3 |  3.2
Crossbows      | 1 2 3 |  3.2
Throwing       | 1 2 3 |  3.2
Armour         | 1 2 3 |  3.2
Dodging        | 1 2 3 |  3.2
Shields        | 1 2 3 |  3.2
Unarmed Combat | 1 2 3 |  3.2
Spellcasting   | 1 2 3 |  3.2
Conjurations   | 1 2 |  2.6
Hexes          | 1 2 |  2.6
Summonings     | 1 2 |  2.6
Necromancy     | 1 2 |  2.6
Translocations | 1 2 |  2.6
Transmutations | 1 2 |  2.6
Fire Magic     | 1 2 |  2.6
Ice Magic      | 1 2 |  2.6
Air Magic      | 1 2 |  2.6
Earth Magic    | 1 2 |  2.6
Poison Magic   | 1 2 |  2.6
Stealth        | 3 4 |  4.0
Evocations     | 9 |  9.1

Action                   |  1- 3 |  4- 6 |  7- 9 || total
-------------------------+-------+-------+-------++-------
 Fire: Shortbow          |    72 |   162 |   141 ||   375
Evoke: Wand              |       |       |     2 ||     2
  Use: Potion            |       |       |     3 ||     3
Armor: Leather armour    |     2 |     5 |    15 ||    22
       Scale mail        |       |       |     6 ||     6
Dodge: Dodged            |     7 |    12 |    24 ||    43
